 Dungeon Sprint DCSS version 0.17-a0-1642-gd4b747b (webtiles) character file.

8678 Kidiri the Tortoise (level 11, -3/103 HPs)
             Began as a Minotaur Fighter on Aug 8, 2015.
             Was a High Priest of Okawaru.
             Slain by a shadow wraith (12 damage)
             ... in the Dungeon (Sprint VII: "The Pits").
             The game lasted 00:09:42 (2346 turns).

Kidiri the Tortoise (Minotaur Fighter)              Turns: 2346, Time: 00:09:42

Health: -3/103     AC: 31    Str: 27    XL:     11   Next: 13%
Magic:  13/16      EV: 14    Int:  5    God:    Okawaru [*****.]
Gold:   0          SH: 16    Dex: 10    Spells: 0 memorised, 10 levels left

rFire  . . .     SeeInvis .     a - +2 mace (protect)
rCold  . . .     Clarity  .     b - +2 plate armour {MR+}
rNeg   . . .     SustAt   .     c - +0 shield
rPois  .         Gourm    .     (helmet restricted)
rElec  .         Spirit   .     (no cloak)
rCorr  .         Warding  .     r - +0 pair of gloves
rMut   .         NoTele   +     (no boots)
MR     +....                    (no amulet)
Stlth  ..........               t - +3 ring of protection
                                s - +3 ring of strength

@: heroism, finesse, somewhat resistant to hostile enchantments, extremely
unstealthy
A: retaliatory headbutt, horns 2, blurry vision 1, slow healing 1, evolution 1
a: Heroism, Finesse, Renounce Religion


You were in the Dungeon.
You worshipped Okawaru.
Okawaru was extremely pleased with you.
You were not hungry.

You visited 1 branch

Inventory:

Hand weapons
 a - a +2 mace of protection (weapon)
Armour
 b - a +2 plate armour of magic resistance (worn)
 c - a +0 shield (worn)
 r - a +0 pair of gloves (worn)
Jewellery
 s - a +3 ring of strength (left hand)
 t - a +3 ring of protection (right hand)
Scrolls
 k - a scroll of blinking
 o - 3 scrolls of remove curse
 p - 5 scrolls of amnesia
 q - a scroll of summoning
Potions
 d - 3 potions of might
 f - 3 potions of curing
 g - 3 potions of heal wounds
 h - 2 potions of haste
 i - 4 potions of magic
 j - 4 potions of berserk rage
 n - 2 potions of invisibility
 u - a potion of brilliance
 v - a potion of agility
 w - a potion of cure mutation
Comestibles
 e - 7 bread rations
 l - 40 fruits
 m - 7 meat rations


   Skills:
 + Level 11.6(16.6) Fighting
 * Level 15.0(20.0) Maces & Flails
 * Level 15.2(20.2) Armour
 + Level 10.1(15.1) Dodging
 * Level 15.2(20.2) Shields
 + Level 9.2 Invocations


You had 10 spell levels left.
You didn't know any spells.

Dungeon Overview and Level Annotations

Branches:
Dungeon (1/1)

Altars:
Ashenzari
Cheibriados
Dithmenos
Elyvilon
Fedhas
Gozag
Kikubaaqudgha
Makhleb
Nemelex Xobeh
Okawaru
Qazlal
Ru
Sif Muna
Trog
Vehumet
Xom
Yredelemnul
Zin
The Shining One
Beogh
Jiyva
Lugonu

Annotations:
D Harold


Innate Abilities, Weirdness & Mutations

You reflexively headbutt those who attack you in melee.
You have a pair of horns on your head.
Scrolls take you a little longer to read.
You heal slowly when monsters are visible.
You evolve.


Message History

The shadow strikes at you from the darkness!
* * * LOW HITPOINT WARNING * * *
Reactivating autopickup.
Something hits you but does no damage.
Deactivating autopickup; reactivate with Ctrl-A.
Drink which item? (? for menu, Esc to quit)
Okay, then.
Unknown command.
Read which item? (? for menu, Esc to quit)
Really read with blurry vision while enemies are nearby? [Y]es or [N]o only, please.
Really read with blurry vision while enemies are nearby? [Y]es or [N]o only, please.
Really read with blurry vision while enemies are nearby? [Y]es or [N]o only, please.
Really read with blurry vision while enemies are nearby?
Harold closely misses you.
You begin reading the scroll.
You continue reading the scroll.
You block the shadow's attack. Something hits you!
You die...

#### ##### ########
#...###..+...# .
#...##..##...### ..
##+##..###...+.## ...
.).)....##÷..#..## ...#
##+###...##+##...###...##
.....##..#...#...#g{.....
......+..'...'..@W@3.....
.....##..#)[)#..†#5H.....
##+###...##+##...###...##
........##...#..## ...#
##+##..###...+.## ...
#.%.##..##÷..### ..
#...###..+...# . #####
########


You could see Harold, a hippogriff, a smoke demon, a shadow, a quasit and a
gnoll.

Vanquished Creatures
  2 hydras (D)
  An ogre mage (D)
  An unseen horror (D)
  A griffon (D)
  2 hornets (D)
  A spiny frog (D)
  A guardian mummy (D)
  2 jumping spiders (D)
  A merfolk (D)
  Grinder (D)
  3 two-headed ogres (D)
  A flying skull (D)
  A spriggan (D)
  A water elemental (D)
  A basilisk (D)
  2 hungry ghosts (D)
  6 wolves (D)
  A mottled dragon (D)
  3 vampire mosquitoes (D)
  A porcupine (D)
  A phantom (D)
  A black bear (D)
  An eye of draining (D)
  2 ogres (D)
  A centaur (D)
  A giant frog (shapeshifter) (D)
  An earth elemental (D)
  A gnoll shaman (D)
  An iron imp (D)
  A jelly (D)
  An orc wizard (D)
  5 sheep (D)
  2 river rats (D)
  4 gnolls (D)
  2 oozes (D)
  A giant gecko (D)
  2 orcs (D)
  A ball python (D)
  2 hobgoblins (D)
  4 jackals (D)
  3 giant cockroaches (D)
  A giant newt (D)
  A rat (D)
73 creatures vanquished.

Vanquished Creatures (others)
  A gnoll (D)
1 creature vanquished.

Grand Total: 74 creatures vanquished

Notes
Turn   | Place    | Note
--------------------------------------------------------------
     0 | D        | Kidiri the Minotaur Fighter began the quest for the Orb.
     0 | D        | Reached XP level 1. HP: 19/19 MP: 0/0
    23 | D        | Reached skill level 4 in Fighting
    23 | D        | Reached skill level 1 in Dodging
    23 | D        | Reached XP level 2. HP: 6/27 MP: 1/1
    35 | D        | Found a sacrificial altar of Ru.
    35 | D        | Found a basalt altar of Yredelemnul.
    35 | D        | Found a shadowy altar of Dithmenos.
    35 | D        | Found a deep blue altar of Sif Muna.
    35 | D        | Found a burning altar of Makhleb.
    35 | D        | Found a shimmering altar of Xom.
    35 | D        | Found an ancient bone altar of Kikubaaqudgha.
    35 | D        | Found a sparkling altar of Nemelex Xobeh.
    36 | D        | Found a glowing golden altar of the Shining One.
    36 | D        | Found a bloodstained altar of Trog.
    36 | D        | Found a shattered altar of Ashenzari.
    36 | D        | Found a white marble altar of Elyvilon.
    36 | D        | Found a snail-covered altar of Cheibriados.
    36 | D        | Found a blossoming altar of Fedhas.
    36 | D        | Found a radiant altar of Vehumet.
    36 | D        | Found a glowing silver altar of Zin.
    36 | D        | Found a corrupted altar of Lugonu.
    36 | D        | Found a viscous altar of Jiyva.
    36 | D        | Found a roughly hewn altar of Beogh.
    36 | D        | Found an iron altar of Okawaru.
    42 | D        | Found a stormy altar of Qazlal.
    43 | D        | Found an opulent altar of Gozag.
    45 | D        | Became a worshipper of Warmaster Okawaru
   364 | D        | Reached skill level 1 in Invocations
   370 | D        | Reached skill level 5 in Armour
   370 | D        | Reached XP level 3. HP: 30/33 MP: 2/2
   400 | D        | Reached skill level 5 in Shields
   533 | D        | Noticed an iron imp
   534 | D        | Noticed a phantom
   534 | D        | Noticed a centaur
   534 | D        | Noticed Grinder
   536 | D        | Noticed a black bear
   552 | D        | Killed a centaur
   552 | D        | Reached skill level 5 in Fighting
   552 | D        | Reached skill level 5 in Maces & Flails
   552 | D        | Reached skill level 6 in Armour
   552 | D        | Reached XP level 4. HP: 37/42 MP: 4/4
   557 | D        | Killed a black bear
   557 | D        | Acquired Okawaru's first power
   557 | D        | Reached skill level 7 in Maces & Flails
   557 | D        | Reached XP level 5. HP: 40/50 MP: 4/6
   564 | D        | Killed an iron imp
   572 | D        | Killed a phantom
   572 | D        | Reached skill level 8 in Armour
   572 | D        | Reached XP level 6. HP: 46/58 MP: 5/8
   589 | D        | Killed Grinder
   589 | D        | Reached skill level 9 in Armour
   589 | D        | Reached skill level 5 in Dodging
   589 | D        | Reached XP level 7. HP: 49/66 MP: 7/9
   667 | D        | Noticed a wolf
   674 | D        | Killed a wolf
   674 | D        | Reached skill level 5 in Invocations
   679 | D        | Noticed a water elemental
   687 | D        | Killed a water elemental
   687 | D        | Reached skill level 10 in Armour
   687 | D        | Reached skill level 10 in Shields
   916 | D        | Noticed a flying skull
   916 | D        | Noticed a wolf
   920 | D        | Killed a wolf
   930 | D        | Killed a flying skull
   930 | D        | Reached skill level 10 in Maces & Flails
   930 | D        | Reached XP level 8. HP: 68/74 MP: 9/11
   955 | D        | Noticed a hungry ghost
   955 | D        | Noticed a hornet
   955 | D        | Noticed a brain worm
   963 | D        | a brain worm changed into a wolf
   968 | D        | Paralysed by a hornet for 3 turns
   977 | D        | Killed a hornet
   977 | D        | Reached skill level 11 in Armour
   993 | D        | Killed a hungry ghost
  1000 | D        | Gained mutation: Scrolls take you a little longer to read. [mutagenic meat]
  1004 | D        | Gained mutation: You heal slowly when monsters are visible. [mutagenic meat]
  1005 | D        | Gained mutation: You evolve. [mutagenic meat]
  1247 | D        | Noticed a porcupine
  1248 | D        | Noticed a spiny frog
  1257 | D        | Killed a spiny frog
  1259 | D        | Killed a porcupine
  1259 | D        | Reached XP level 9. HP: 73/83 MP: 10/12
  1270 | D        | Noticed a hungry ghost
  1270 | D        | Noticed a jelly
  1270 | D        | Noticed a spriggan
  1275 | D        | Killed a hungry ghost
  1275 | D        | Reached skill level 12 in Armour
  1284 | D        | Killed a spriggan
  1285 | D        | Killed a jelly
  1294 | D        | Noticed a merfolk
  1294 | D        | Noticed a hornet
  1300 | D        | Killed a hornet
  1310 | D        | Killed a merfolk
  1310 | D        | Acquired Okawaru's second power
  1551 | D        | Noticed an eye of draining
  1551 | D        | Noticed a vampire mosquito
  1551 | D        | Noticed a vampire mosquito
  1551 | D        | Noticed a vampire mosquito
  1554 | D        | Killed a vampire mosquito
  1559 | D        | Killed a vampire mosquito
  1563 | D        | Killed a vampire mosquito
  1563 | D        | Reached skill level 13 in Shields
  1572 | D        | Killed an eye of draining
  1590 | D        | Noticed a guardian mummy
  1603 | D        | Killed a guardian mummy
  1603 | D        | Reached skill level 10 in Fighting
  1605 | D        | Noticed an ogre mage
  1605 | D        | Noticed a two-headed ogre
  1605 | D        | Noticed an ogre
  1605 | D        | Noticed a two-headed ogre
  1605 | D        | Noticed an ogre
  1605 | D        | Noticed a two-headed ogre
  1615 | D        | Killed an ogre mage
  1615 | D        | Reached XP level 10. HP: 83/94 MP: 6/14
  1619 | D        | Killed a two-headed ogre
  1619 | D        | Received a gift from Okawaru
  1622 | D        | Killed a two-headed ogre
  1623 | D        | Killed a two-headed ogre
  1627 | D        | Killed an ogre
  1632 | D        | Killed an ogre
  1687 | D        | Noticed a wolf
  1687 | D        | Noticed a wolf
  1687 | D        | Noticed a mottled dragon
  1688 | D        | Noticed a wolf
  1688 | D        | Noticed a wolf
  1690 | D        | Killed a mottled dragon
  1690 | D        | Reached skill level 14 in Shields
  1693 | D        | Killed a wolf
  1698 | D        | Killed a wolf
  1701 | D        | Killed a wolf
  1703 | D        | Killed a wolf
  1717 | D        | Noticed an orc wizard
  1717 | D        | Noticed a basilisk
  1717 | D        | Noticed a jumping spider
  1725 | D        | Killed a basilisk
  1734 | D        | Killed a jumping spider
  1737 | D        | Killed an orc wizard
  1761 | D        | Noticed a jumping spider
  1786 | D        | Killed a jumping spider
  1800 | D        | Noticed a six-headed hydra
  1800 | D        | Noticed an earth elemental
  1815 | D        | Killed a six-headed hydra
  1837 | D        | Killed an earth elemental
  1923 | D        | Killed an unseen horror
  2282 | D        | Noticed a smoke demon
  2282 | D        | Noticed a gnoll shaman
  2282 | D        | Noticed a five-headed hydra
  2284 | D        | Noticed a deep elf fighter
  2284 | D        | Noticed a griffon
  2284 | D        | Noticed a hippogriff
  2286 | D        | Noticed a quasit
  2287 | D        | Noticed Harold
  2291 | D        | Noticed a shadow
  2293 | D        | Killed a gnoll shaman
  2305 | D        | Killed a five-headed hydra
  2305 | D        | Reached skill level 15 in Armour
  2305 | D        | Reached skill level 10 in Dodging
  2305 | D        | Reached skill level 15 in Shields
  2305 | D        | Reached XP level 11. HP: 81/102 MP: 9/16
  2311 | D        | Killed a griffon
  2311 | D        | Reached skill level 15 in Maces & Flails
  2346 | D        | Slain by a shadow wraith

Vault maps used:
D:        pitsprint

Action                   |  1- 3 |  4- 6 |  7- 9 | 10-12 || total
-------------------------+-------+-------+-------+-------++-------
Melee: Flail             |    10 |       |       |       ||    10
       Mace              |    29 |    28 |   141 |   159 ||   357
Invok: Heroism           |       |       |     4 |     2 ||     6
       Finesse           |       |       |     1 |     2 ||     3
  Use: Potion            |       |       |     4 |     4 ||     8
  Eat: Chunk             |       |       |     5 |     2 ||     7
       Bread ration      |       |       |       |     1 ||     1
